 Dungeon Crawl Stone Soup version 0.18-a0-1225-g5d63bca (webtiles) character file.

175 ololoev the Magician (level 5, -1/28 HPs)
             Began as a Deep Elf Fire Elementalist on Feb 3, 2016.
             Killed by divine providence
             ... invoked by an orc priest
              (14 damage)
             ... on level 5 of the Dungeon.
             The game lasted 00:09:54 (752 turns).

ololoev the Magician (Deep Elf Fire Elementalist)    Turns: 752, Time: 00:09:54

Health: -1/28      AC:  3    Str:  5    XL:     5   Next: 29%
Magic:  0/13       EV: 13    Int: 21    God:
Gold:   50         SH:  0    Dex: 15    Spells: 4 memorised, 1 level left

rFire  . . .     SeeInvis .     e - +0 dagger
rCold  . . .     Gourm    .     a - +0 robe
rNeg   . . .     Faith    .     (no shield)
rPois  .         Spirit   .     j - +0 helmet
rElec  .         Dismiss  .     (no cloak)
rCorr  .         Reflect  .     (no gloves)
SustAt .         Harm     .     (no boots)
MR     .....                    (no amulet)
Stlth  ++........               (no ring)
                                (no ring)

@: very slightly contaminated, not resistant to hostile enchantments, unstealthy
A: no striking features
a: no special abilities

Inventory:

Hand Weapons
 e - a +0 dagger (weapon)
Armour
 a - a +0 robe (worn)
 i - a +0 buckler
 j - a +0 helmet (worn)
Scrolls
 d - a scroll of fog {unknown}
 g - a scroll of teleportation {unknown}
 k - a scroll of enchant weapon {unknown}
 l - a scroll of magic mapping {unknown}
 m - a scroll of fear {unknown}
 n - a scroll of identify {unknown}
Books
 b - a book of Flames

   Spells                             Type                      Level
   a - Flame Tongue                   Conjuration/Fire             1
   b - Throw Flame                    Conjuration/Fire             2
   c - Conjure Flame                  Conjuration/Fire             3
   d - Inner Flame                    Hexes/Fire                   3
   e - Sticky Flame                   Conjuration/Fire             4
   f - Fireball                       Conjuration/Fire             5
Comestibles
 c - a bread ration
 f - a slice of pizza
 o - 4 chunks of flesh


   Skills:
 - Level 2.4 Dodging
 - Level 2.4 Stealth
 + Level 4.3 Spellcasting
 * Level 4.3 Conjurations
 + Level 4.2 Fire Magic


You had one spell level left.
You knew the following spells:

 Your Spells              Type           Power        Failure   Level  Hunger
a - Flame Tongue          Conj/Fire      ###..        1%          1    None
b - Conjure Flame         Conj/Fire      ###.....     10%         3    ##.....
c - Sticky Flame          Conj/Fire      ###.....     24%         4    ####...
e - Inner Flame           Hex/Fire       ##......     17%         3    ##.....


You were on level 5 of the Dungeon.
You were not hungry.

You visited 1 branch of the dungeon, and saw 6 of its levels.

You collected 50 gold pieces.

# #....o#.. #.###
.....o..o# #...#
.#.⌠.⌠o#.# ###.# ........
.#####.####### #...S.#
#............># .....
#####.....###.# #..#
##............#
##.######...........#.#
#.o§....@.......(.....#
#.S######...<.........###
#..# ##.##...[###.....
#..# #.##....# ##.###
...# #.##............
###.# #.##.#######....
#.# #.##.# #.### ..
#.##.# #.# #.##.##### #(#

Notes
Turn   | Place    | Note
--------------------------------------------------------------
     0 | D:1      | ololoev the Deep Elf Fire Elementalist began the quest for the Orb.
     0 | D:1      | Reached XP level 1. HP: 10/10 MP: 6/6
   195 | D:2      | Reached XP level 2. HP: 13/15 MP: 6/8
   233 | D:2      | Noticed Natasha
   239 | D:2      | Killed Natasha
   239 | D:2      | Reached XP level 3. HP: 16/19 MP: 3/9
   244 | D:2      | Learned a level 3 spell: Conjure Flame
   248 | D:2      | Learned a level 3 spell: Inner Flame
   424 | D:5      | Entered Level 5 of the Dungeon
   447 | D:6      | Noticed a phantom
   452 | D:5      | Reached XP level 4. HP: 6/24 MP: 5/11
   502 | D:5      | Reached skill level 4 in Fire Magic
   588 | D:4      | Found a burning altar of Makhleb.
   595 | D:4      | Reached XP level 5. HP: 8/28 MP: 8/13
   667 | D:4      | Noticed Sigmund
   695 | D:5      | Learned a level 4 spell: Sticky Flame
   752 | D:5      | Killed from afar by an orc priest

Dungeon Overview and Level Annotations

Branches:
Dungeon (6/15)
 Temple: D:4-7

Altars:
Makhleb

Annotations:
D:4 Sigmund


Message History

Aiming: Inner Flame
Press: ? - help, Shift-Dir - straight line, f - orc priest
Aim: an orc priest, wielding a club and wearing a leather armour (chance to defeat MR: 67%)
The orc priest struggles to resist.
Casting: Inner Flame
Confirm with . or Enter, or press ? or * to list all spells.
Aiming: Flame Tongue
Press: ? - help, Shift-Dir - straight line, f/p - orc priest
Aim: an orc priest, wielding a club and wearing a leather armour The flame tongue misses the orc priest.
Casting: Flame Tongue
Confirm with . or Enter, or press ? or * to list all spells.
Aiming: Flame Tongue
Press: ? - help, Shift-Dir - straight line, f/p - orc priest
Aim: an orc priest, wielding a club and wearing a leather armour The flame tongue hits the orc priest.
The orc priest is lightly wounded.
An adder comes into view.
Casting: Flame Tongue
Confirm with . or Enter, or press ? or * to list all spells.
Aiming: Flame Tongue
Press: ? - help, Shift-Dir - straight line, f/p - orc priest
Aim: an orc priest, wielding a club and wearing a leather armour (lightly wounded)
The flame tongue hits the orc priest.
The orc priest is heavily wounded.
Casting: Flame Tongue
Confirm with . or Enter, or press ? or * to list all spells.
Aiming: Flame Tongue
Press: ? - help, Shift-Dir - straight line, f/p - orc priest
Aim: an orc priest, wielding a club and wearing a leather armour (heavily wounded)
The flame tongue hits the orc priest.
The orc priest appears unharmed.
The orc priest is heavily wounded.
You aren't carrying any items that can be evoked.
Unknown command.
You aren't carrying any potions.
Unknown command.
The orc priest mumbles some strange prayers to Beogh against you.
Something smites you!
Ouch! That really hurt!
You die...

You could see an orc priest and an adder.

Vanquished Creatures
  3 hounds
  A jelly (D:5)
  Natasha (D:2)
  An adder (D:4)
  An adder skeleton (D:4)
  A giant gecko (D:5)
  3 bats
  2 giant cockroaches (D:1)
  2 hobgoblins (D:2)
  3 giant newts
  3 kobolds
  A quokka skeleton (D:5)
  2 rats
24 creatures vanquished.

Vanquished Creatures (others)
  A scorpion (D:5)
  A worker ant (D:5)
  A giant cockroach (D:5)
3 creatures vanquished.

Grand Total: 27 creatures vanquished

Action                   |  1- 3 |  4- 6 || total
-------------------------+-------+-------++-------
Melee: Unarmed           |    17 |       ||    17
       Dagger            |     3 |       ||     3
 Cast: Flame Tongue      |    31 |    23 ||    54
       Conjure Flame     |       |     3 ||     3
       Inner Flame       |       |     2 ||     2
Evoke: Wand              |       |     3 ||     3
  Use: Potion            |       |     1 ||     1

Vault maps used:
D:1:      dpeg_arrival_tiny_j
D:2:      uniq_natasha
D:3:      fedhas_altar_fruit_tree, first_bread, hangedman_decor_lopped
D:4:      minmay_temple_entry_large_hall, makhleb_blood_cavern_becter,
          uniq_sigmund
D:5:      elyvilon_altar_5, old_standard_altar, xom_confusion_cloud,
          kennysheep_generic_room_13
